 Dungeon Sprint DCSS version 0.27.1 (webtiles) character file.

Game seed: 9014003327140588000

7498 styxcanada the Imperceptible (level 10, -14/55 HPs)
             Began as a Spriggan Brigand on Aug 30, 2021.
             Was an Initiate of Gozag.
             Demolished by a spriggan defender (16 damage)
             ... in the Dungeon (Sprint IV: "Fedhas' Mad Dash").
             The game lasted 00:13:14 (1939 turns).

styxcanada the Imperceptible (Spriggan Brigand)     Turns: 1939, Time: 00:13:14

Health: -14/55     AC:  5    Str:  7    XL:     10   Next: 95%
Magic:  16/16      EV: 29    Int: 13    God:    Gozag
Gold:   1768       SH:  9    Dex: 26    Spells: 10/15 levels left

rFire    + . .     SeeInvis +   a - +3 dagger
rCold    . . .     Faith    .   u - +0 buckler
rNeg     . . .     Spirit   .   n - +2 robe "Qiohemux" {rPois Will+ Dex+6}
rPois    +         Reflect  .   (helmet restricted)
rElec    .         Harm     .   c - +0 cloak
rCorr    .         Rampage  .   (gloves unavailable)
Will     ++...     NoTele   +   (boots unavailable)
Stlth    +++++++++.             l - amulet of invisibility {+Inv}
HPRegen  0.18/turn              x - ring of protection from fire
MPRegen  0.15/turn              (no ring)

@: mighty, very quick
A: very small, no large weapons, unfitting armour, see invisible, speed 3
a: Renounce Religion, Evoke Invisibility, Potion Petition, Call Merchant, Bribe
Branch


You were in the Dungeon.
You worshipped Gozag.
Gozag was most pleased with you.
You visited 1 branch You collected 2590 gold pieces.
You spent 822 gold pieces at shops.

Inventory:

Hand Weapons
 a - a +3 dagger (weapon)
 j - a +1 great sword of holy wrath
 m - a +0 hunting sling
Missiles
 w - 19 stones (quivered)
Armour
 c - a +0 cloak (worn)
 n - the +2 robe "Qiohemux" (worn) {rPois Will+ Dex+6}
   (You bought it in a shop in the Dungeon)

   Dex:       It affects your dexterity (+6).
   rPois:     It protects you from poison.
   Will:      It increases your willpower.
 u - a +0 buckler (worn)
Jewellery
 l - the amulet of invisibility (around neck) {+Inv}
   (You found it in the Dungeon)

   [amulet of nothing]

   +Inv:      It lets you turn invisible.
 x - a ring of protection from fire (left hand)
Wands
 b - a wand of polymorph (3)
Potions
 f - a potion of curing
 g - a potion of heal wounds
 h - a potion of haste
 i - 2 potions of magic
 o - 3 potions of lignification
 q - a potion of brilliance
 t - a potion of flight {unknown}
Miscellaneous
 y - a phial of floods


   Skills:
 * Level 7.2 Fighting
 + Level 6.0 Short Blades
 + Level 5.3 Throwing
 * Level 4.4 Armour
 * Level 11.1 Dodging
 * Level 23.6 Stealth
 * Level 5.5 Shields
 * Level 3.4 Spellcasting
 * Level 3.4 Hexes
 * Level 14.0 Evocations


You had 10 spell levels left.
You knew the following spells:

 Your Spells              Type           Power      Damage    Failure   Level
a - Slow                  Hex            11%        N/A       9%          2
b - Confusing Touch       Hex            11%        N/A       19%         3

Your spell library contained the following spells:

 Spells                   Type           Power      Damage    Failure   Level
 Gell's Gravitas          Tloc           1%         N/A       58%         3
 Lesser Beckoning         Tloc           1%         N/A       58%         3
 Ozocubu's Armour         Ice            2%         N/A       58%         3
 Teleport Other           Tloc           2%         N/A       58%         3
 Yara's Violent Unravell  Hex/Tmut       3%         3d4       98%         5
 Ozocubu's Refrigeration  Ice            1%         4d5       100%        7


Dungeon Overview and Level Annotations

Branches:
Dungeon (1/1)

Altars:
Cheibriados
Dithmenos
Elyvilon
Gozag
Hepliaklqana
Kikubaaqudgha
Makhleb
Nemelex Xobeh
Okawaru
Qazlal
Ru
Sif Muna
Trog
Uskayaw
Vehumet
Wu Jian
Xom
Yredelemnul
Zin
The Shining One
Beogh
Jiyva
Lugonu

Shops:
D *[::*[:[


Innate Abilities, Weirdness & Mutations

You are very small and have problems with some larger weapons.
You are too small for most types of armour.
You have supernaturally acute eyesight. (SInv)
You cover ground extremely quickly. (Speed+++)


Message History

Aim: a spriggan defender, wielding a +6 spectral lajatang and wearing a +0 robe (lightly wounded, very poisoned, 37% to hit)
You throw a stone. The stone misses the spriggan defender.
The spriggan defender hits you with a +6 spectral lajatang!
There is an open door here.
The spriggan defender completely misses you.
There is an open door here.
There is an open door here.
Cast which spell? (? or * to list)
Aiming: Slow (safe; 9% risk of failure)
Press: ? - help, Shift-Dir - straight line, f/p - spriggan defender
Aim: a spriggan defender, wielding a +6 spectral lajatang and wearing a +0 robe (lightly wounded, poisoned, chance to affect: 0%)
Okay, then.
Casting: Slow (safe; 9% risk of failure)
Confirm with . or Enter, or press ? or * to list all spells.
Aiming: Slow (safe; 9% risk of failure)
Press: ? - help, Shift-Dir - straight line, f/p - spriggan defender
Aim: a spriggan defender, wielding a +6 spectral lajatang and wearing a +0 robe (lightly wounded, poisoned, chance to affect: 0%)
Okay, then.
It was a potion of might.
You feel very mighty all of a sudden.
You block the spriggan defender's attack.
You puncture the spriggan defender!
The spriggan defender is moderately wounded.
The spriggan defender closely misses you.
You closely miss the spriggan defender.
The spriggan defender is moderately wounded.
The spriggan defender closely misses you.
You hit the spriggan defender.
The spriggan defender is moderately wounded.
The spriggan defender hits you with a +6 spectral lajatang.
You hit the spriggan defender.
The spriggan defender is moderately wounded.
The spriggan defender looks more healthy.
The spriggan defender hits you with a +6 spectral lajatang!!
* * * LOW HITPOINT WARNING * * *
You closely miss the spriggan defender.
The spriggan defender is moderately wounded.
The spriggan defender hits you with a +6 spectral lajatang!
You die...
Your body crumbles into a pile of gold.

##############################
#<†..#.....#.....#.⌠._._._._.⌠
#PP..'.[...'.#...'.._._._._._.
#PPPP#.....#.#...#..._._._._..
###############'##.._._._._._.
#...♣.......i@...#._._._._._.⌠
#......♣.....#...#############
#.....♣..♣..######♣♣♣♣♣..♣.###
##'####'######..'.....(♣..♣##.
#..#....'.......#♣..♣♣♣.♣).###
#..#..###.......#.♣♣..♣...♣').
#######*##########*###########
*,,,,,,,,,,,,,,,,,,,,,,* ###
*∩,,,,,,,,,,,,,,,,,,,,,*####.$


You could see a spriggan defender.

Vanquished Creatures
  Agnes (D)
  A spriggan berserker (D)
  A spriggan druid (D)
  6 oklob plants (D)
  A demonic crawler (D)
  3 burning bushes (D)
  A queen bee (D)
  3 wandering mushrooms (D)
  A hornet (D)
  3 scorpions (D)
  4 killer bees (D)
  5 oklob saplings (D)
  5 spriggans (D)
  A river rat (D)
  A rat (D)
  A ballistomycete spore (D)
38 creatures vanquished.

Vanquished Creatures (others)
  A fungus (D)
1 creature vanquished.

Grand Total: 39 creatures vanquished

Notes
Turn   | Place    | Note
-------+----------+-------------------------------------------
     0 | D        | styxcanada the Spriggan Brigand began the quest for the
                  | Orb.
     0 | D        | Reached XP level 1. HP: 10/10 MP: 2/2
    16 | D        | Reached skill level 7 in Stealth
    16 | D        | Reached XP level 2. HP: 15/15 MP: 3/3
    36 | D        | Reached skill level 8 in Stealth
    48 | D        | Noticed an oklob sapling
    50 | D        | Killed an oklob sapling
    51 | D        | Reached skill level 9 in Stealth
    51 | D        | Reached XP level 3. HP: 19/19 MP: 4/4
    52 | D        | Noticed a scorpion
    52 | D        | Found the amulet of invisibility {+Inv}
    54 | D        | Killed a scorpion
    55 | D        | Reached skill level 12 in Stealth
    55 | D        | Reached XP level 4. HP: 23/23 MP: 5/5
    83 | D        | Found an opulent altar of Gozag.
    83 | D        | Found a hazy altar of Hepliaklqana.
    83 | D        | Found a burning altar of Makhleb.
    83 | D        | Found a sparkling altar of Nemelex Xobeh.
    83 | D        | Found a snail-covered altar of Cheibriados.
    83 | D        | Found a sacrificial altar of Ru.
    83 | D        | Found a shimmering blue altar of Sif Muna.
    83 | D        | Found a shimmering altar of Xom.
    83 | D        | Found a basalt altar of Yredelemnul.
    84 | D        | Found a viscous altar of Jiyva.
    84 | D        | Found a bloodstained altar of Trog.
    84 | D        | Found an ornate altar of the Wu Jian Council.
    85 | D        | Found an iron altar of Okawaru.
    85 | D        | Found a shadowy altar of Dithmenos.
    85 | D        | Found a glowing silver altar of Zin.
    86 | D        | Found an ancient bone altar of Kikubaaqudgha.
    86 | D        | Found a hide-covered altar of Uskayaw.
    87 | D        | Found a stormy altar of Qazlal.
    87 | D        | Found a white marble altar of Elyvilon.
    87 | D        | Found a glowing golden altar of the Shining One.
    88 | D        | Became a worshipper of Gozag Ym Sagoz the Greedy
    89 | D        | Found a corrupted altar of Lugonu.
    89 | D        | Found a radiant altar of Vehumet.
    93 | D        | Reached skill level 13 in Stealth
    93 | D        | Reached skill level 1 in Evocations
    93 | D        | Reached XP level 5. HP: 28/28 MP: 3/6
   309 | D        | Reached skill level 5 in Dodging
   309 | D        | Reached skill level 14 in Stealth
   312 | D        | Reached skill level 15 in Stealth
   312 | D        | Reached XP level 6. HP: 33/33 MP: 4/7
   478 | D        | Found Vaog's Armour Shop.
   478 | D        | Found Fixemimu's Assorted Antiques.
   484 | D        | Bought a glowing silvery potion for 22 gold pieces
   484 | D        | Bought a scroll labelled BIUHOT ZESCHUUQ for 25 gold pieces
   484 | D        | Bought a viscous orange potion for 22 gold pieces
   484 | D        | Bought a scroll labelled HUSMIDD GAVEHE for 25 gold pieces
   484 | D        | Bought a glowing silvery potion for 22 gold pieces
   484 | D        | Bought a cyan potion for 22 gold pieces
   484 | D        | Bought a bubbling amethyst potion for 22 gold pieces
   485 | D        | Bought a +0 buckler for 58 gold pieces
   542 | D        | Noticed a burning bush
   542 | D        | Noticed a wandering mushroom
   543 | D        | Noticed a wandering mushroom
   547 | D        | Killed a wandering mushroom
   548 | D        | Reached skill level 16 in Stealth
   548 | D        | Reached skill level 1 in Shields
   548 | D        | Reached skill level 5 in Evocations
   548 | D        | Killed a wandering mushroom
   549 | D        | Reached skill level 17 in Stealth
   549 | D        | Reached XP level 7. HP: 31/38 MP: 5/8
   687 | D        | Killed a burning bush
   688 | D        | Reached skill level 18 in Stealth
   702 | D        | Found Xosuf's Armour Emporium.
   702 | D        | Found Yprit's Assorted Antiques.
   709 | D        | Bought a glowing silvery potion for 20 gold pieces
   709 | D        | Bought a warped robe for 131 gold pieces
   709 | D        | Identified the +2 robe "Qiohemux" {rPois Will+ Dex+6} (You
                  | bought it in a shop in the Dungeon)
   709 | D        | Bought a scroll labelled SYSADE XAURAIPP for 23 gold pieces
   730 | D        | Bought a twisted brass wand for 92 gold pieces
   872 | D        | Reached skill level 5 in Fighting
   872 | D        | Reached XP level 8. HP: 43/43 MP: 6/9
   878 | D        | Noticed a queen bee
   898 | D        | Killed a queen bee
   899 | D        | Reached skill level 5 in Short Blades
   899 | D        | Reached skill level 19 in Stealth
  1185 | D        | Noticed an oklob plant
  1188 | D        | Killed an oklob plant
  1189 | D        | Reached skill level 1 in Armour
  1203 | D        | Noticed a burning bush
  1206 | D        | Killed a burning bush
  1207 | D        | Reached skill level 20 in Stealth
  1207 | D        | Reached skill level 10 in Evocations
  1207 | D        | Reached XP level 9. HP: 48/48 MP: 8/10
  1248 | D        | Noticed a burning bush
  1248 | D        | Noticed an oklob plant
  1249 | D        | Noticed a wandering mushroom
  1250 | D        | Killed a burning bush
  1255 | D        | Killed an oklob plant
  1259 | D        | Killed a wandering mushroom
  1260 | D        | Reached skill level 21 in Stealth
  1304 | D        | Noticed a spriggan druid
  1306 | D        | Killed a spriggan druid
  1362 | D        | Noticed an oklob plant conjurer
  1363 | D        | Killed an oklob plant conjurer
  1364 | D        | Reached skill level 10 in Dodging
  1446 | D        | Noticed an oklob plant
  1446 | D        | Noticed an oklob plant summoner
  1447 | D        | Noticed an oklob plant shifter
  1451 | D        | Killed an oklob plant
  1452 | D        | Reached skill level 22 in Stealth
  1452 | D        | Reached XP level 10. HP: 53/53 MP: 8/11
  1453 | D        | Killed an oklob plant summoner
  1456 | D        | Killed an oklob plant shifter
  1536 | D        | Noticed a spriggan rider
  1537 | D        | Found Soistumn's Book Emporium.
  1548 | D        | Reached skill level 5 in Shields
  1608 | D        | Noticed Agnes
  1628 | D        | Found Neugak's Armour Shoppe.
  1634 | D        | Bought a book of Misfortune for 338 gold pieces
  1637 | D        | Learned a level 2 spell: Slow
  1641 | D        | Learned a level 3 spell: Confusing Touch
  1691 | D        | Reached skill level 1 in Spellcasting
  1691 | D        | Reached skill level 1 in Hexes
  1860 | D        | Found Siekk's Book Emporium.
  1860 | D        | Noticed a spriggan berserker
  1862 | D        | Found Zuickyasis's Book Shoppe.
  1864 | D        | Killed Agnes
  1865 | D        | Reached skill level 5 in Throwing
  1865 | D        | Reached skill level 23 in Stealth
  1868 | D        | Killed a spriggan berserker
  1875 | D        | Noticed a spriggan defender
  1938 | D        | HP: 2/55 [spriggan defender (20)]
  1939 | D        | Demolished by a spriggan defender

Illustrated notes

Levels and vault maps discovered:
D:        dungeon_sprint_fedhas [sprint_temple]

Skill      XL: |  1  2  3  4  5  6  7  8  9 10 |
---------------+-------------------------------+-----
Fighting       | 2 3 4 5 6 7 |  7.2
Dodging        | 2 3 4 5 7 8 10 11 | 11.1
Stealth        | 7 9 12 13 15 17 18 20 22 23 | 23.6
Throwing       | 3 4 5 |  5.3
Short Blades   | 3 4 5 6 |  6.0
Evocations     | 1 3 6 7 10 12 14 | 14.0
Shields        | 2 3 4 5 |  5.5
Armour         | 1 3 4 |  4.4
Spellcasting   | 3 |  3.4
Hexes          | 3 |  3.4

Action                   |  1- 3 |  4- 6 |  7- 9 | 10-12 || total
-------------------------+-------+-------+-------+-------++-------
Melee: Dagger            |    11 |    10 |    42 |    34 ||    97
Throw: Dart              |     9 |       |       |    26 ||    35
       Stone             |       |       |       |     1 ||     1
 Abil: Evoke Invisibilit |       |     4 |     8 |     2 ||    14
  Use: Scroll            |       |       |     2 |     4 ||     6
       Potion            |       |       |     1 |     2 ||     3
 Stab: Sleeping          |     2 |     6 |    12 |     5 ||    25
       Distracted        |       |     1 |     1 |       ||     2
       Invisible         |       |       |     4 |       ||     4
Armor: Robe              |     1 |       |       |       ||     1
       Skin              |       |       |       |     5 ||     5
Dodge: Dodged            |     5 |     2 |    18 |    15 ||    40
Block: Buckler           |       |       |     8 |     6 ||    14
